Map: Abyssal Reef LE

Players

Minato

  • Race: Zerg Zerg
  • Spawn Location: 5:00

TIME (Oliveira) - Winner!

  • Race: Terran Terran
  • Spawn Location: 11:00

Event: WCS Jonkoping 2017

VOD

Have the link to the VOD?

Description

Time

  • Played on: June 17, 2017, 11:43 a.m.
  • Length: 5:46

All games in this series

Show
View Real Time Build Order
Export as new Build Order

Minato Zerg 

Build Orders: Pool First, Ravager All-In 

Get SALT Encoding   

  12  0:18  Spawning Pool  
  11  0:22  Drone  
  11  0:26  Drone  
  13  0:31  Drone  
  14  0:35  Extractor  
  14  0:38  Drone  
  14  0:49  Extractor  
  14  0:50  Drone  
  14  1:05  Roach Warren, Drone  
  14  1:13  Overlord  
  14  1:24  Overlord  
  14  1:45  Roach x2  
  18  1:49  Roach  
  20  2:00  Roach  
  22  2:06  Ravager  
  22  2:07  Ravager  
  24  2:10  Roach  
  26  2:22  Roach  
  28  2:33  Roach  
  30  2:42  Overlord  
  30  3:00  Ravager  
  30  3:03  Ravager  
  30  3:05  Roach  
  34  3:09  Roach  
  36  3:15  Drone  
  37  3:23  Ravager  
  38  3:37  Overlord  
  38  3:48  Overlord  
  38  4:02  Drone x2  
  40  4:07  Roach x3  
  40  4:13  Drone  
  40  4:16  Queen  
  41  4:22  Ravager  
  41  4:23  Ravager x2  
  40  4:37  Drone x2  
  34  4:57  Hatchery  
  31  5:02  Roach  
  31  5:05  Ravager x2  
  35  5:08  Zergling x2  
  35  5:12  Roach  
  39  5:25  Overlord x2  
Show
View Real Time Build Order
Export as new Build Order

TIME Terran - Winner!

Build Orders: Cyclone Opening, Reaper Expand 

Get SALT Encoding   

  12  0:00  SCV  
  13  0:13  SCV  
  14  0:18  Supply Depot  
  14  0:25  SCV  
  15  0:31  Refinery  
  15  0:39  SCV  
  16  0:45  Barracks  
  16  0:51  SCV  
  17  1:04  SCV  
  18  1:16  SCV  
  19  1:33  Orbital Command, Reaper  
  20  1:44  Command Center  
  20  1:54  Factory  
  20  1:59  SCV  
  21  2:11  SCV  
  21  2:12  Bunker  
  21  2:15  Marine, Refinery  
  22  2:16  Supply Depot  
  22  2:25  SCV  
  23  2:38  Marine, Cyclone, SCV  
  23  2:43  Supply Depot  
  27  2:51  SCV  
  27  2:53  Starport  
  27  2:55  Marine  
  30  3:06  Supply Depot  
  30  3:15  Barracks Tech Lab  
  30  3:17  Cyclone  
  32  3:26  SCV  
  33  3:38  Banshee  
  36  3:52  Cyclone  
  38  3:57  Supply Depot  
  38  4:01  Supply Depot  
  38  4:12  Cloaking Field  
  38  4:18  SCV  
  39  4:32  Hellion  
  41  4:40  Banshee  
  44  5:01  Cyclone  
  44  5:02  Barracks Reactor  
  44  5:03  Command Center  
  47  5:20  Supply Depot  
  47  5:22  SCV  
  47  5:25  Supply Depot  
Tags
 
Add a new tag
Caveats
  • Supply blocks, unpowered buildings, or Contaminate may cause inaccurate times.
  • Supply counts are checked every 10 seconds.